 Dungeon Crawl Stone Soup version 0.30-a0-948-g4fa250aae5 (webtiles) character file.

Game seed: 5716013883474886705

4505 DeathPants the Trooper (level 10, -6/79 HPs)
             Began as a Vine Stalker Fighter on Mar 26, 2023.
             Was an Initiate of Gozag.
             Mangled by a two-headed ogre
             ... wielding a +0 dire flail
              (13 damage)
             ... on level 8 of the Dungeon.
             The game lasted 00:20:15 (6691 turns).

DeathPants the Trooper (Vine Stalker Fighter)       Turns: 6691, Time: 00:20:16

Health: -6/79      AC: 25    Str: 20    XL:     10   Next: 39%
Magic:  0/27       EV:  2    Int: 10    God:    Gozag
Gold:   1439       SH: 11    Dex: 15    Spells: 16/19 levels left

rFire   . . .      SeeInvis .    a - +3 whip (elec)
rCold   . . .      Faith    .    c - +0 buckler
rNeg    . . .      Spirit   +    b - melded +0 scale mail
rPois   +          Reflect  +    (helmet currently unavailable)
rElec   .          Rampage  .    q - melded +0 cloak
rCorr   .          NoTele   +    k - melded +1 pair of gloves
Will    +....                    (boots currently unavailable)
Stlth   +                        r - amulet of reflection
HPRegen 1.13/turn                i - ring of wizardry
MPRegen 0.20/turn                s - ring of magical power

@: tree-form
A: stationary, stasis, torment immunity, boosted hp, (fangs 3), regeneration 1,
magic shield, (antimagic bite), no potion heal 2
a: Renounce Religion, Potion Petition, Call Merchant, Bribe Branch


You were on level 8 of the Dungeon.
You worshipped Gozag.
Gozag was most pleased with you.
You were a tree.
You visited 2 branches of the dungeon, and saw 10 of its levels.

You collected 1542 gold pieces.
You paid 103 gold pieces to Gozag.

Inventory:

Hand Weapons
 a - a +3 whip of electrocution (weapon)
Missiles
 h - 2 curare-tipped darts
 j - 33 poisoned darts (quivered)
 o - 7 boomerangs
Armour
 b - a +0 scale mail (melded)
 c - a +0 buckler (worn)
 k - a +1 pair of gloves (melded)
 m - a +0 leather armour
 q - a +0 cloak (melded)
Jewellery
 e - a ring of poison resistance
 i - a ring of wizardry (left branch)
 r - an amulet of reflection (around neck)
 s - a ring of magical power (right branch)
 v - a ring of protection from cold
Wands
 n - a wand of flame (2)
 p - a wand of roots (1)
 w - a wand of charming (6)
Scrolls
 g - 3 scrolls of teleportation
 t - a scroll of blinking
 x - a scroll of vulnerability
 y - a scroll of magic mapping
Potions
 d - a potion of might
 f - 5 potions of mutation
 l - 6 potions of brilliance
 u - 3 potions of resistance
 z - 2 potions of cancellation
 A - a potion of lignification


   Skills:
 + Level 6.6 Fighting
 + Level 6.3 Maces & Flails
 - Level 4.2 Armour
 - Level 3.2 Dodging
 + Level 6.6 Shields
 + Level 5.0 Spellcasting
 + Level 4.9 Summonings


You had 16 spell levels left.
You knew the following spells:

 Your Spells              Type           Power      Damage    Failure   Level
a - Call Canine Familiar  Summ           12%        N/A       4%          3

Your spell library contained the following spells:

 Spells                   Type           Power      Damage    Failure   Level
 Call Imp                 Summ           12%        N/A       2%          2
 Freeze                   Ice            8%         1d3       12%         1
 Magic Dart               Conj           8%         1d3       12%         1
 Frozen Ramparts          Ice            4%         1d1       32%         3
 Hailstorm                Conj/Ice       2%         3d3       32%         3
 Inner Flame              Hex/Fire       2%         N/A       32%         3
 Mephitic Cloud           Conj/Pois/Air  2%         N/A       32%         3
 Portal Projectile        Hex/Tloc       4%         N/A       32%         3
 Cause Fear               Hex            1%         N/A       71%         4
 Leda's Liquefaction      Hex/Erth       1%         N/A       71%         4
 Discord                  Hex            1%         N/A       100%        8


Dungeon Overview and Level Annotations

Branches:
Dungeon (9/15)             Temple (1/1) D:5
   Lair: D:8-11         Orc: D:9-12

Altars:
Dithmenos
Elyvilon
Gozag
Hepliaklqana
Ru
Wu Jian
Yredelemnul
Zin


Innate Abilities, Weirdness & Mutations

You are a tree.
Your roots penetrate the ground, keeping you stationary.
You cannot be teleported.
You are immune to unholy pain and torment.
Your maximum health is greatly increased.
Your equipment is partially melded.
((You have razor-sharp teeth.))
Your natural rate of healing is unusually fast.
When hurt, damage is shared between your health and your magic reserves.
((Your bite disrupts and absorbs the magic of your enemies.))
Potions cannot restore your health.


Message History

You kill the killer bee!
You feel sick.
The killer bee stings you but does no damage.
Your Spellcasting skill increases to level 5!
You whack the killer bee!
The killer bee is heavily wounded.
You feel sick.
The killer bee stings you but does no damage.
You whack the killer bee!
You kill the killer bee!
You feel sick.
You are no longer poisoned.
You cannot move.
You start resting.
A two-headed ogre is nearby!
A two-headed ogre is nearby!
A two-headed ogre is nearby!
Throw: 35 darts (poison)
Press: ? - help, Q - select action, (/) - cycle Shift-Dir - straight line, f - two-headed ogre
Aim: a two-headed ogre, wielding a +0 dire flail and a +0 giant club (76% to hit)
You throw a poisoned dart.
The poisoned dart hits the two-headed ogre.
The two-headed ogre is poisoned.
Throw: 34 darts (poison)
Press: ? - help, Q - select action, (/) - cycle Shift-Dir - straight line, f/p - two-headed ogre
Aim: a two-headed ogre, wielding a +0 dire flail and a +0 giant club (poisoned, 76% to hit)
You throw a poisoned dart.
The poisoned dart hits the two-headed ogre.
The two-headed ogre looks even sicker.
You hit the two-headed ogre.
The two-headed ogre is lightly wounded.
The two-headed ogre hits you with a +0 dire flail!
* * * LOW HITPOINT WARNING * * *
You block the two-headed ogre's attack.
You hit the two-headed ogre.
The two-headed ogre is lightly wounded.
The two-headed ogre hits you but does no damage.
The two-headed ogre hits you with a +0 giant club!
You die...
Your body crumbles into a pile of gold.

#...<# #.#### #.#.# #.#.##
#.... #...# #... ..#..
..#.# ###### #.# #.#♣#
#.....##.# #.#O#
#.....##.# #..(#
#.....##.# #..(#
#.....##.# #
#...####.....##.####
#####.#............##.#...
.......>..................
#####.#^.....).....##.#.##
#.#.......###...#.# ..


You could see a two-headed ogre (very poisoned).

Vanquished Creatures
  2 water moccasins
  2 orc warriors (D:7)
  5 ice beasts
  3 sky beasts
  2 black bears
  8 ogres
  4 centaurs
  A phantom (D:4)
  5 bullfrogs
  3 kobold brigands (D:7)
  A gnoll sergeant (D:7)
  2 scorpions
  5 killer bees
  A howler monkey (D:7)
  6 jellies
  7 hounds
  Crazy Yiuf (D:2)
  2 orc priests
  Jessica (D:3)
  Terence (D:1)
  2 iguanas
  4 orc wizards
  2 sleepcaps (D:6)
  Natasha (thrice) (D:3)
  12 gnolls
  7 adders
  2 shadow imps
  A white imp (D:7)
  2 ufetubi (D:6)
  2 worms
  6 dart slugs
  13 orcs
  10 ball pythons
  8 endoplasms
  2 giant cockroaches (D:2)
  12 goblins
  12 hobgoblins
  2 jackals (D:3)
  25 kobolds
  3 quokkas
  3 bats
  4 frilled lizards
  3 rats
202 creatures vanquished.

Vanquished Creatures (others)
  A kobold brigand (D:5)
  A bush (D:3)
  2 plants (D:8)
4 creatures vanquished.

Grand Total: 206 creatures vanquished

Notes
Turn   | Place    | Note
-------+----------+-------------------------------------------
     0 | D:1      | DeathPants the Vine Stalker Fighter began the quest for the
                  | Orb.
     0 | D:1      | Reached XP level 1. HP: 11/11 MP: 2/2
   110 | D:2      | Noticed Terence
   137 | D:1      | Reached XP level 2. HP: 16/16 MP: 3/3
   816 | D:1      | Reached XP level 3. HP: 19/19 MP: 4/4
   825 | D:1      | Killed Terence
   826 | D:1      | Reached skill level 1 in Dodging
   849 | D:2      | Gained mutation: Your natural rate of healing is unusually
                  | fast. [Vine Stalker growth]
   849 | D:2      | Reached XP level 4. HP: 22/24 MP: 5/5
  1095 | D:2      | You fall into a shaft and drop 1 floor!
  1610 | D:2      | Found a runed translucent door.
  1611 | D:2      | Noticed Crazy Yiuf
  1615 | D:2      | Killed Crazy Yiuf
  1616 | D:2      | Reached XP level 5. HP: 28/28 MP: 6/6
  1712 | D:3      | Noticed an ogre
  1722 | D:3      | Killed an ogre
  1753 | D:3      | Noticed Natasha
  1762 | D:3      | Reached XP level 6. HP: 32/32 MP: 7/7
  1764 | D:3      | Killed Natasha
  1803 | D:3      | Found a hazy altar of Hepliaklqana.
  1833 | D:3      | Noticed Natasha
  1840 | D:3      | Killed Natasha
  2029 | D:3      | Noticed Natasha
  2042 | D:3      | Killed Natasha
  2172 | D:3      | Noticed Jessica
  2181 | D:3      | Killed Jessica
  2539 | D:4      | Reached XP level 7. HP: 37/37 MP: 8/8
  2572 | D:5      | Entered Level 5 of the Dungeon
  2616 | D:4      | Found a shadowy altar of Dithmenos.
  3321 | D:4      | Found Simalull's Weapon Boutique.
  3505 | D:5      | Found a staircase to the Ecumenical Temple.
  3570 | Temple   | Entered the Ecumenical Temple
  3586 | Temple   | Became a worshipper of Gozag Ym Sagoz the Greedy
  3636 | D:5      | Found an ornate altar of the Wu Jian Council.
  3662 | D:5      | Gained mutation: You have razor-sharp teeth. [Vine Stalker
                  | growth]
  3662 | D:5      | Reached XP level 8. HP: 38/42 MP: 9/9
  3770 | D:5      | Learned a level 3 spell: Call Canine Familiar
  4042 | D:5      | Reached skill level 1 in Spellcasting
  4042 | D:5      | Reached skill level 1 in Summonings
  4073 | D:5      | Reached skill level 5 in Fighting
  4126 | D:5      | Reached skill level 5 in Shields
  4650 | D:7      | Reached XP level 9. HP: 27/47 MP: 9/13
  4725 | D:6      | Reached skill level 5 in Maces & Flails
  5302 | D:6      | Found a sacrificial altar of Ru.
  5685 | D:7      | Reached XP level 10. HP: 42/53 MP: 17/17
  5925 | D:7      | Identified the +0 chain mail of the Griffon {Dex+2}
  6648 | D:9      | Noticed a two-headed ogre
  6665 | D:9      | HP: 2/53 [two-headed ogre/+0 dire flail (17)]
  6672 | D:8      | HP: 2/53 [poisoned by a killer bee]
  6678 | D:8      | HP: 3/79 [poisoned by a killer bee]
  6679 | D:8      | Reached skill level 5 in Spellcasting
  6691 | D:8      | Mangled by a two-headed ogre

Illustrated notes

Levels and vault maps discovered:
D:1:      roderic_chinese_lattice_arrival, layout_basic
D:2:      layout_basic, minmay_cupped, uniq_crazy_yiuf_cottage, uniq_terence
D:3:      kennysheep_six_static_rooms, layout_rooms, nzn_hepliaklqana_mist_gate,
          serial_forest, infiniplex_forest_straight_1,
          infiniplex_forest_lined_2, infiniplex_forest_split,
          infiniplex_forest_straight_3, infiniplex_forest_side_room,
          infiniplex_forest_clump_double, infiniplex_forest_straight_4,
          uniq_natasha, uniq_jessica
D:4:      layout_cave_pods, old_standard_altar, serial_shops,
          nicolae_shop_bloodbath_and_beyond
D:5:      layout_gridville, nzn_wu_jian_council_hall,
          minmay_temple_entry_offerings
D:6:      layout_cave_pools, kennysheep_little_box
D:7:      kennysheep_housing_project, layout_basic, minmay_alternating_orb
D:8:      layout_basic, serial_bayou_ford_a, nicolae_shop_fire_sale
          [nicolae_sub_dead_trees], uniq_pikel
D:9:      layout_loops_ring
Temple:   jpeg_temple_clearing

Skill      XL: |  1  2  3  4  5  6  7  8  9 10 |
---------------+-------------------------------+-----
Maces & Flails | 2 3 4 5 6 |  6.3
Fighting       | 3 4 5 6 |  6.6
Dodging        | 1 2 3 |  3.2
Shields        | 3 4 5 6 |  6.6
Armour         | 3 4 |  4.2
Spellcasting   | 2 4 5 |  5.0
Summonings     | 2 4 |  4.9

Action                     |  1- 3 |  4- 6 |  7- 9 | 10-12 || total
---------------------------+-------+-------+-------+-------++-------
  Melee: Flail             |    54 |    16 |       |       ||    70
         Bite              |    12 |    53 |    85 |    20 ||   170
         Whip              |       |   152 |   286 |   132 ||   570
  Throw: Dart              |       |     4 |     5 |     2 ||    11
    Use: Scroll            |       |       |    10 |     4 ||    14
         Potion            |       |       |       |     1 ||     1
   Stab: Distracted        |       |       |     2 |       ||     2
 Armour: Scale mail        |    33 |    79 |    91 |    56 ||   259
         Skin              |       |       |       |     7 ||     7
  Dodge: Dodged            |    41 |    67 |   104 |    59 ||   271
  Block: Buckler           |    10 |    48 |   146 |    87 ||   291
         Reflection        |       |       |     8 |     3 ||    11

Table legend: (Time is in decaauts)
 A = Elapsed time spent in this place.
 B = Non-inter-level travel time spent in this place.
 C = Inter-level travel time spent in this place.
 D = Time resting spent in this place.
 E = Time spent auto-exploring this place.
 F = Levels seen in this place.
 G = Mean time per level.
                   A        B        C        D        E       F      G
               +--------+--------+--------+--------+--------+-----+--------+
         Total |   6676 |   6441 |    235 |    120 |   4332 |  10 |  667.6 |
       Dungeon |   6644 |   6423 |    221 |    120 |   4326 |   9 |  738.2 |
        Temple |     31 |     17 |     14 |      0 |      6 |   1 |   31.0 |
               +--------+--------+--------+--------+--------+-----+--------+

Top non-repeatable levels by time:
     D:7: 1271 daAuts
     D:5: 1040 daAuts
     D:4: 994 daAuts
     D:3: 891 daAuts
     D:1: 859 daAuts
     D:2: 744 daAuts
     D:6: 717 daAuts
     D:8: 120 daAuts
  Temple: 31 daAuts
     D:9: 5 daAuts
